 Dungeon Crawl Stone Soup version 0.27.1 (webtiles) character file.

Game seed: 11987669800126642785

1194 Destapler the Covered (level 8, -10/106 HPs)
             Began as a Minotaur Fighter on Aug 30, 2021.
             Mangled by an orc warrior (16 damage)
             ... on level 9 of the Dungeon.
             The game lasted 00:09:23 (6057 turns).

Destapler the Covered (Minotaur Fighter)            Turns: 6057, Time: 00:09:24

Health: -10/106    AC: 24    Str: 23      XL:     8   Next: 20%
Magic:  7/7        EV:  2    Int: 10 (11) God:
Gold:   210        SH: 10    Dex:  9 (10) Spells: 7/7 levels left

rFire    . . .     SeeInvis +   a - +0 flail
rCold    . . .     Faith    .   c - +0 kite shield
rNeg     + + +     Spirit   .   (armour currently unavailable)
rPois    +         Reflect  .   (helmet currently unavailable)
rElec    .         Harm     .   (cloak currently unavailable)
rCorr    .         Rampage  .   (gloves currently unavailable)
Will     .....     NoTele   +   (boots currently unavailable)
Stlth    +.........             (no amulet)
HPRegen  0.27/turn              r - ring of Vuhaah Wuo {rN+ Int+6 SInv}
MPRegen  0.10/turn              (no ring)

@: tree-form
A: stationary, stasis, torment immunity, boosted hp, (horns 2), (retaliatory
headbutt)
a: no special abilities


You were on level 9 of the Dungeon.
You were a tree.
You visited 1 branch of the dungeon, and saw 7 of its levels.

You collected 210 gold pieces.

Inventory:

Hand Weapons
 a - a +0 flail (weapon)
 o - a +1 dagger of freezing
Armour
 b - a +0 scale mail (melded)
 c - a +0 kite shield (worn)
 p - a +1 leather armour of fire resistance
Jewellery
 r - the ring of Vuhaah Wuo (left branch) {rN+ Int+6 SInv}
   (You found it on level 5 of the Dungeon)

   [ring of see invisible]

   Int:       It affects your intelligence (+6).
   rN:        It protects you from negative energy.
   SInv:      It lets you see invisible.
Scrolls
 e - a scroll of blinking {unknown}
 f - 2 scrolls of teleportation {unknown}
 g - 2 scrolls of amnesia {unknown}
 h - a scroll of noise {unknown}
 i - a scroll of torment {unknown}
 j - 3 scrolls of immolation
 k - 7 scrolls of identify
 n - a scroll of silence {unknown}
 w - a scroll of magic mapping {unknown}
Potions
 l - a potion of flight
 m - a potion of curing
 q - a potion of degeneration
 u - a potion of lignification
 v - a potion of berserk rage {unknown}


   Skills:
 + Level 6.9 Fighting
 + Level 6.2 Maces & Flails
 + Level 6.9 Armour
 + Level 6.9 Shields


You had 7 spell levels left.
You didn't know any spells.
Your spell library contained the following spells:

 Spells                   Type           Power      Damage    Failure   Level
 Confusing Touch          Hex            0%         N/A       97%         3
 Summon Guardian Golem    Hex/Summ       0%         N/A       97%         3
 Tukima's Dance           Hex            0%         N/A       97%         3
 Silence                  Hex/Air        0%         N/A       100%        5


Dungeon Overview and Level Annotations

Branches:
Dungeon (6/15)             Temple (0/1) D:6             Orc (0/2) D:9

Altars:
Ashenzari
Fedhas
Gozag
Kikubaaqudgha
Trog
The Shining One

Shops:
D:5 [


Innate Abilities, Weirdness & Mutations

You are a tree.
Your roots penetrate the ground, keeping you stationary.
You cannot be teleported.
You are immune to unholy pain and torment.
Your maximum health is greatly increased.
Your equipment is partially melded.
((You have a pair of horns on your head.))
((You reflexively headbutt those who attack you in melee.))


Message History

The orc warrior hits you but does no damage.
You barely miss the orc warrior.
The orc warrior is moderately wounded.
You block the orc warrior's attack.
Your shield prevents you from hitting the orc warrior.
The orc warrior is moderately wounded.
You block the orc warrior's attack.
The orc warrior hits you but does no damage.
You hit the orc warrior but do no damage.
The orc warrior is moderately wounded.
You block the orc warrior's attack.
You sock the orc warrior!
The orc warrior is severely wounded.
The orc warrior hits you with a +0 dire flail.
* * * LOW HITPOINT WARNING * * *
You hit the orc warrior.
The orc warrior is almost dead.
You block the orc warrior's attack.
You closely miss the orc warrior.
The orc warrior is almost dead.
You block the orc warrior's attack.
The orc warrior hits you but does no damage.
You hit the orc warrior.
The orc warrior is almost dead.
The orc warrior hits you but does no damage.
You hit the orc warrior.
The orc warrior is almost dead.
The orc warrior hits you with a +0 dire flail!
* * * LOW HITPOINT WARNING * * *
You hit the orc warrior but do no damage.
The orc warrior is almost dead.
The orc warrior hits you with a +0 dire flail!
* * * LOW HITPOINT WARNING * * *
You barely miss the orc warrior.
The orc warrior is almost dead.
You block the orc warrior's attack. x2
You barely miss the orc warrior.
The orc warrior is almost dead.
The orc warrior hits you with a +0 dire flail!
You die...

## ..# #$# ######.####
#.###### #oo♣.......
#.#....#######o#########
#.##.#.#.#.#.#.#
#.#............#
#..#.#.#.#.#.###
#.#...........#
.$.#.#.#.#.#.##
#.............#
#..#$#.#.#.#.##


You could see 3 orc warriors.

Vanquished Creatures
  A shadow (D:9)
  2 wargs (D:9)
  An orc warrior (D:4)
  A sky beast (D:6)
  A centaur (D:5)
  3 scorpions
  A water moccasin zombie (D:5)
  A centaur zombie (D:5)
  An iguana (D:5)
  2 orc wizards (D:4)
  2 hound zombies (D:5)
  A hound skeleton (D:4)
  8 adders
  An adder skeleton (D:4)
  4 worms
  A dart slug (D:2)
  14 orcs
  5 bats
  7 endoplasms
  2 giant cockroaches
  6 goblins
  6 hobgoblins
  6 quokkas
  5 ball pythons
  3 frilled lizards
  6 kobolds
  6 rats
97 creatures vanquished.

Notes
Turn   | Place    | Note
-------+----------+-------------------------------------------
     0 | D:1      | Destapler the Minotaur Fighter began the quest for the Orb.
     0 | D:1      | Reached XP level 1. HP: 19/19 MP: 0/0
   267 | D:1      | Reached XP level 2. HP: 20/27 MP: 1/1
  1180 | D:2      | Reached XP level 3. HP: 28/33 MP: 2/2
  1855 | D:2      | Reached XP level 4. HP: 40/40 MP: 3/3
  3097 | D:3      | Found an opulent altar of Gozag.
  3103 | D:3      | Found a glowing golden altar of the Shining One.
  3108 | D:3      | Found a bloodstained altar of Trog.
  3670 | D:4      | Reached XP level 5. HP: 35/47 MP: 4/4
  4092 | D:4      | Reached skill level 5 in Fighting
  4092 | D:4      | Reached skill level 5 in Armour
  4092 | D:4      | Reached skill level 5 in Shields
  4296 | D:4      | Noticed an orc warrior
  4307 | D:4      | Killed an orc warrior
  4308 | D:4      | Reached XP level 6. HP: 25/56 MP: 5/5
  4479 | D:4      | Got Qiumaami's Disquisition on Gliding Enchantment
  5066 | D:5      | Entered Level 5 of the Dungeon
  5082 | D:5      | Reached XP level 7. HP: 55/62 MP: 6/6
  5101 | D:5      | Found Husaepod's Antique Armour Boutique.
  5159 | D:5      | Reached skill level 5 in Maces & Flails
  5274 | D:5      | Identified the ring of Vuhaah Wuo {rN+ Int+6 SInv}
  5423 | D:5      | Found an ancient bone altar of Kikubaaqudgha.
  5424 | D:5      | Found a blossoming altar of Fedhas.
  5580 | D:5      | Found a broken altar of Ashenzari.
  5805 | D:6      | Found a staircase to the Ecumenical Temple.
  5941 | D:6      | You fall into a shaft and drop 3 floors!
  5941 | D:9      | Found a staircase to the Orcish Mines.
  5950 | D:9      | HP: 2/63 [warg (9)]
  5972 | D:9      | HP: 2/64 [warg (5)]
  5975 | D:9      | Reached XP level 8. HP: 3/71 MP: 7/7
  6055 | D:9      | HP: 5/106 [orc warrior (7)]
  6057 | D:9      | Mangled by an orc warrior

Illustrated notes

Levels and vault maps discovered:
D:1:      shiori_arrival_maze, layout_loops_ring, grunt_decor_fettered,
          minmay_pentomino_v4
D:2:      minmay_alternating_diamond, layout_loops_corners
D:3:      layout_loops_ring, minmay_overflow_temple_star_quad,
          serial_co_window_serial, co_window_corner_a, co_window_corner_a,
          co_window_cross_1, co_window_of_opportunity_a, co_window_paths_a,
          co_window_corner_a, co_window_corner_b, co_window_corner_b,
          co_window_paths_c, co_window_corner_b, co_window_corner_cb,
          co_window_4corner_a, glass_columns_a, glass_columns_a,
          glass_columns_c, glass_columns_c, glass_columns_c, eino_tiny_chamber,
          chequers_serial_rivers_marsh
D:4:      layout_loops_ring
D:5:      layout_rooms, grunt_temple_overflow_growth_and_decay,
          ashenzari_conservatory_becter, serial_shops, nicolae_shop_stone,
          dk_vineyard_3, eino_tiny_chamber
D:6:      layout_basic, mainiacjoe_overflow_alcove_1, minmay_temple_entry_tees
D:9:      layout_basic, david_orc_1_choice, grunt_decor_one_mirror,
          st_stairs_11, kennysheep_generic_room_3

Skill      XL: |  1  2  3  4  5  6  7 |
---------------+----------------------+-----
Armour         | 4 5 6 |  6.9
Fighting       | 4 5 6 |  6.9
Shields        | 4 5 6 |  6.9
Maces & Flails | 3 4 6 |  6.2

Action                   |  1- 3 |  4- 6 |  7- 9 || total
-------------------------+-------+-------+-------++-------
Melee: Flail             |    75 |   134 |    73 ||   282
       Headbutt          |    12 |    22 |    10 ||    44
  Use: Potion            |       |     4 |     6 ||    10
       Scroll            |       |       |     2 ||     2
Armor: Scale mail        |    33 |    49 |    15 ||    97
       Skin              |       |       |     6 ||     6
Dodge: Dodged            |    23 |    35 |    16 ||    74
Block: Kite shield       |    36 |    67 |    54 ||   157
